 Dungeon Crawl Stone Soup version 0.32-a0-666-ge8a88695a4 (webtiles) character file.

Game seed: 37613339992382827

413 BubbleThief the Chiller (level 6, -6/50 HPs)
             Began as a Naga Ice Elementalist on Mar 9, 2024.
             Mangled by Grinder (9 damage)
             ... on level 4 of the Dungeon.
             The game lasted 00:10:02 (3577 turns).

BubbleThief the Chiller (Naga Ice Elementalist)     Turns: 3577, Time: 00:10:02

Health: -6/50      AC:  4    Str: 11    XL:     6   Next: 90%
Magic:  1/12       EV:  9    Int: 17    God:
Gold:   281        SH:  0    Dex: 11    Spells: 6/13 levels left

rFire   . . .        f - +0 falchion
rCold   . . .        (no shield)
rNeg    + . .        a - +0 robe
rPois   +            h - +0 helmet
rElec   .            (no cloak)
rCorr   .            (no gloves)
SInv    +            (no barding)
Will    .....        s - amulet of the acrobat
Stlth   ++           t - ring of positive energy
HPRegen 0.28/turn    (no ring)
MPRegen 0.13/turn

%: acrobat
@: short of breath, freezing walls, very slow
A: AC +2, large, see invisible, deformed body, poison resistance, slowness 2,
spit poison 1, naga tail 1
a: Spit Poison


You were on level 4 of the Dungeon.
You visited 1 branch of the dungeon, and saw 4 of its levels.

You collected 281 gold pieces.

Inventory:

Hand Weapons
 f - a +0 falchion (weapon)
Armour
 a - a +0 robe (worn)
 h - a +0 helmet (worn)
Jewellery
 s - an amulet of the acrobat (around neck)
 t - a ring of positive energy (left hand)
Talismans
 e - a granite talisman
Scrolls
 c - a scroll of enchant armour {unknown}
 d - 4 scrolls of identify {unknown}
 i - 3 scrolls of teleportation {unknown}
 j - 2 scrolls of amnesia {unknown}
 l - a scroll of noise {unknown}
 m - a scroll of revelation {unknown}
 n - a scroll of vulnerability {unknown}
 o - a scroll of silence {unknown}
 p - a scroll of fear {unknown}
 v - a scroll of enchant weapon {unknown}
 w - a scroll of immolation {unknown}
Potions
 b - a potion of magic
 g - a potion of attraction {unknown}
 k - a potion of resistance {unknown}
 q - a potion of invisibility {unknown}
 r - 2 potions of enlightenment {unknown}
 u - 2 potions of brilliance {unknown}
 x - a potion of heal wounds {unknown}
 z - 2 potions of berserk rage {unknown}


   Skills:
 + Level 0.5 Fighting
 - Level 1.5 Dodging
 - Level 3.0 Stealth
 - Level 4.0 Spellcasting
 * Level 6.9 Ice Magic


You had 6 spell levels left.
You knew the following spells:

 Your Spells              Type           Power      Damage    Failure   Level
a - Freeze                Ice            100%       1d10      1%          1
b - Frozen Ramparts       Ice            54%        1d9       2%          3
c - Ozocubu's Armour      Ice            27%        N/A       2%          3

Your spell library contained the following spells:

 Spells                   Type           Power      Damage    Failure   Level
 Summon Ice Beast         Ice/Summ       15%        N/A       12%         3
 Necrotise                Necr           12%        1d4       16%         1
 Vampiric Draining        Necr           3%         2d6       43%         3
 Martyr's Knell           Necr/Summ      3%         N/A       83%         4
 Curse of Agony           Necr           3%         N/A       99%         5


Dungeon Overview and Level Annotations

Branches:
Dungeon (4/15)
 Temple: D:4-7

Altars:
Makhleb

Shops:
D:4 =

Annotations:
D:4 Grinder


Innate Abilities, Weirdness & Mutations

Your serpentine skin is tough. (AC +2)
You have supernaturally acute eyesight. (SInv)
Armour fits poorly on your strangely shaped body.
Your system is resistant to poisons. (rPois)
You cover ground very slowly.
You can spit poison.
You have a snake-like lower body.


Message History

You have got your breath back.
Grinder gestures at you. Pain shoots through your body!
* * * LOW HITPOINT WARNING * * *
Unknown command.
Aiming: Spit Poison (1% risk of failure)
Press: ? - help, Shift-Dir - straight line, f/p - Grinder
Aim: Grinder (severely wounded, 54% to hit)
The splash of poison hits Grinder.
Grinder is severely wounded.
Grinder gestures at you. You resist with some effort.
Unknown command.
Casting: Frozen Ramparts (dangerous; 2% risk of failure)
Confirm with . or Enter, or press ? or * to list all spells.
Casting: Frozen Ramparts (dangerous; 2% risk of failure)
Press: ? - help, Dir - look around, f - activate The walls around you are covered in ice.
Grinder resists.
The wall freezes Grinder.
Grinder closely misses you.
Unknown command.
Unknown command.
You closely miss Grinder.
Grinder is severely wounded.
Grinder completely resists.
The wall freezes Grinder but does no damage.
Grinder gestures at you. Pain shoots through your body!
* * * LOW HITPOINT WARNING * * *
Unknown command.
You hit Grinder.
Grinder is almost dead.
Grinder completely resists.
The wall freezes Grinder but does no damage.
Grinder hits you.
* * * LOW HITPOINT WARNING * * *
You writhe in agony.
* * * LOW HITPOINT WARNING * * *
Grinder resists.
The wall freezes Grinder.
Grinder hits you!
You die...
Grinder sighs, "Dead already?
I want a refund."

#### #. #...# #####. #...# #.....
### ## #...# #..... ..#######.
#...# ##..... #.#.......
##...####......#########.#.#.####
.#...#.#.#.#.#.#@#.......#.#.####
#.)...#.#.#.#.#5#.#####....#.....
.#...#.#.#.#.#.#.#.# #.####.####
#.#.#.#.#.#.#.#.#.## #.# #.#
.#.#.#.#.#.#.#.#.#.# #.#########
#.#.#.#.#.#.#.#.#.## #.†.......#
.#.#.#.#.#.#.#.#.#.# #.........#
#.#.#.#.#.#.#.#.#.#####.........#
.#.#.#.#.#.#.#.#.#..............#


You could see Grinder.

Vanquished Creatures
  A scorpion (D:4)
  2 hounds (D:4)
  A jelly (D:4)
  An orc priest (D:4)
  Jessica (D:2)
  An orc wizard (D:4)
  Robin (D:2)
  A gnoll (D:1)
  7 adders
  A ribbon worm (D:2)
  5 orcs (D:4)
  5 bats
  4 endoplasms
  4 giant cockroaches
  11 goblins
  5 hobgoblins
  15 jackals
  5 quokkas
  7 ball pythons
  7 frilled lizards
  5 kobolds
  4 rats (D:1)
  A spectral kobold (D:2)
95 creatures vanquished.

Notes
Turn   | Place    | Note
-------+----------+-------------------------------------------
     0 | D:1      | BubbleThief the Naga Ice Elementalist began the quest for
                  | the Orb.
     0 | D:1      | Reached XP level 1. HP: 15/15 MP: 3/3
   102 | D:1      | Reached XP level 2. HP: 18/22 MP: 1/5
   260 | D:1      | Reached XP level 3. HP: 24/28 MP: 2/6
   963 | D:2      | Noticed Robin
   981 | D:2      | Killed Robin
   982 | D:2      | Reached skill level 5 in Ice Magic
   982 | D:2      | Reached XP level 4. HP: 32/36 MP: 5/8
  1063 | D:2      | Found a faded altar of an unknown god.
  1122 | D:2      | Learned a level 3 spell: Frozen Ramparts
  1126 | D:2      | Learned a level 3 spell: Ozocubu's Armour
  1141 | D:2      | Noticed Jessica
  1152 | D:2      | Killed Jessica
  1256 | D:2      | Reached XP level 5. HP: 42/42 MP: 6/9
  1349 | D:2      | Found a burning altar of Makhleb.
  2599 | D:4      | Reached skill level 6 in Ice Magic
  2778 | D:4      | Reached XP level 6. HP: 49/49 MP: 2/11
  2873 | D:4      | Noticed Grinder
  3324 | D:4      | Found Dehie's Jewellery Boutique.
  3563 | D:4      | Paralysed by Grinder for 5 turns
  3577 | D:4      | Mangled by Grinder

Illustrated notes

Levels and vault maps discovered:
D:1:      erik_arrival_cave_to_civilisation [erik_arrival_cave_to_hall],
          layout_basic, minmay_heptomino_d4
D:2:      layout_basic, dreamdust_ecumenical_altar_drowned_temple, basic_altar,
          uniq_jessica, uniq_robin
D:3:      layout_loops_ring, kennysheep_flooded_box
D:4:      black_bear_nest_2, layout_basic, serial_shops,
          nicolae_shop_gaudy_bauble, uniq_grinder

Skill      XL: |  1  2  3  4  5  6 |
---------------+-------------------+-----
Ice Magic      | 5 6 |  6.9
Spellcasting   | 3 4 |  4.0
Fighting       | |  0.5
Dodging        | |  1.5
Stealth        | |  3.0

Action                     |  1- 3 |  4- 6 || total
---------------------------+-------+-------++-------
  Melee: Falchion          |       |    40 ||    40
   Cast: Freeze            |    27 |    33 ||    60
         Frozen Ramparts   |       |    22 ||    22
         Ozocubu's Armour  |       |     4 ||     4
Ability: Spit Poison       |    33 |    49 ||    82
 Armour: Robe              |    12 |    66 ||    78
  Dodge: Dodged            |     6 |    46 ||    52

Table legend: (Time is in decaauts)
 A = Elapsed time spent in this place.
 B = Non-inter-level travel time spent in this place.
 C = Inter-level travel time spent in this place.
 D = Time resting spent in this place.
 E = Time spent auto-exploring this place.
 F = Levels seen in this place.
 G = Mean time per level.
                   A        B        C        D        E       F      G
               +--------+--------+--------+--------+--------+-----+--------+
         Total |   4511 |   4406 |    105 |     18 |   3652 |   4 | 1127.8 |
       Dungeon |   4511 |   4406 |    105 |     18 |   3652 |   4 | 1127.8 |
               +--------+--------+--------+--------+--------+-----+--------+

Top non-repeatable levels by time:
     D:4: 1353 daAuts
     D:1: 1215 daAuts
     D:2: 1033 daAuts
     D:3: 909 daAuts
